General information
- name: BNet
- type: Ladder team game (AT/RT)
- host: Battle.net
- saver: Teelo
map: FullScaleAssault
- players: 8
- length: 34:35
- speed: Fast
- version: 1.26 W3XP
- replay type: Public
» download(272 KB)
Players
team 1 (winner)

»
TheAnimalCub (
pink | 69 APM | 2025 actions | 29:23)
6 Archmage
3 Summon Water Elemental
2 Brilliance Aura
1 Mass Teleport
3 Mountain King
2 Storm Bolt
1 Bash
» actions
| Assign group hotkey | 91 | |
| Basic commands | 142 | |
| Build / train | 76 | |
| Enter build submenu | 41 | |
| Enter hero's abilities submenu | 9 | |
| Give item / drop item | 4 | |
| Right click | 938 | |
| Select / deselect | 430 | |
| Select group hotkey | 183 | |
| Use ability | 111 | |
2025 total
» units
| Peasant | 29 | |
| Footman | 7 | |
| Gryphon Rider | 3 | |
| Goblin Shredder | 1 | |
| Dragonhawk Rider | 6 | |
| Priest | 2 | |
| Mortar Team | 2 | |
50 total
» upgrades
| Lumber Harvesting | 1 | |
| Swords | 2 | |
| Storm Hammers | 1 | |
| Cloud | 1 | |
| Barrage | 1 | |
| Armor | 1 | |
| Priest Training | 1 | |
8 total
» buildings
| Altar of Kings | 2 | |
| Farm | 19 | |
| Barracks | 1 | |
| Lumber Mill | 1 | |
| Town Hall | 2 | |
| Keep | 2 | |
| Arcane Vault | 1 | |
| Blacksmith | 1 | |
| Castle | 1 | |
| Gryphon Aviary | 4 | |
| Workshop | 4 | |
| Arcane Sanctum | 3 | |
41 total
» build order
00:13 Altar of Kings
00:19 Farm
00:53 Barracks
00:59 Farm
01:43 Farm
02:04 Lumber Mill
03:56 Town Hall
04:08 Keep
05:20 Farm
05:26 Arcane Vault
05:31 Blacksmith
06:31 Castle
06:36 Gryphon Aviary
06:59 Gryphon Aviary
07:46 Gryphon Aviary
08:05 Gryphon Aviary
08:13 Farm
09:30 Farm
09:33 Farm
10:20 Farm
10:22 Farm
11:21 Farm
12:57 Workshop
13:04 Arcane Sanctum
13:06 Arcane Sanctum
14:07 Farm
14:35 Farm
14:38 Farm
14:44 Farm
17:10 Keep
17:48 Town Hall
21:43 Arcane Sanctum
25:06 Workshop
25:46 Workshop
25:50 Workshop
26:57 Altar of Kings
27:56 Farm
27:58 Farm
28:01 Farm
28:31 Farm
28:57 Farm
» items
| Boots of Speed | 1 | |
| Scroll of Protection | 1 | |
| Orb of Fire | 1 | |
| Scroll of Town Portal | 1 | |
4 total

»
gomperzz (
green | 48 APM | 1439 actions | 29:40)
4 Paladin
2 Holy Light
2 Divine Shield
3 Mountain King
2 Storm Bolt
1 Bash
» actions
| Assign group hotkey | 28 | |
| Basic commands | 13 | |
| Build / train | 82 | |
| Enter build submenu | 38 | |
| Enter hero's abilities submenu | 7 | |
| Remove unit from queue | 1 | |
| Right click | 666 | |
| Select / deselect | 296 | |
| Select group hotkey | 237 | |
| Use ability | 71 | |
1439 total
» units
| Peasant | 24 | |
| Footman | 6 | |
| Knight | 4 | |
| Sorceress | 7 | |
| Siege Engine | 7 | |
48 total
» upgrades
| Plating | 2 | |
| Swords | 1 | |
| Lumber Harvesting | 2 | |
| Sorceress Training | 2 | |
| Animal War Training | 1 | |
| Masonry | 3 | |
| Barrage | 1 | |
| Gunpowder | 3 | |
15 total
» buildings
| Altar of Kings | 1 | |
| Farm | 13 | |
| Barracks | 2 | |
| Lumber Mill | 2 | |
| Arcane Vault | 1 | |
| Blacksmith | 1 | |
| Keep | 1 | |
| Scout Tower | 13 | |
| Guard Tower | 5 | |
| Castle | 1 | |
| Town Hall | 1 | |
| Arcane Sanctum | 2 | |
| Workshop | 2 | |
45 total
» build order
00:09 Altar of Kings
00:15 Farm
00:19 Farm
00:31 Barracks
01:02 Farm
01:54 Lumber Mill
01:58 Farm
02:27 Arcane Vault
02:47 Blacksmith
03:44 Keep
03:51 Farm
05:34 Scout Tower
06:44 Farm
06:45 Guard Tower
07:21 Castle
08:03 Farm
08:18 Town Hall
08:47 Arcane Sanctum
10:28 Arcane Sanctum
10:34 Barracks
11:58 Workshop
12:05 Workshop
13:00 Scout Tower
13:04 Scout Tower
13:05 Scout Tower
13:08 Scout Tower
13:10 Scout Tower
13:12 Scout Tower
13:30 Farm
14:07 Guard Tower
14:20 Lumber Mill
14:28 Farm
15:01 Guard Tower
15:09 Farm
17:12 Farm
17:14 Scout Tower
17:18 Scout Tower
17:23 Scout Tower
17:55 Scout Tower
17:59 Scout Tower
18:10 Scout Tower
18:13 Guard Tower
18:54 Farm
19:28 Guard Tower
21:13 Farm
» items
| Circlet of Nobility | 1 | |
| Scroll of Town Portal | 1 | |
2 total

»
Teelo (
teal | 58 APM | 1998 actions | 34:35)
5 Pandaren Brewmaster
3 Breath of Fire
2 Drunken Brawler
» actions
| Assign group hotkey | 176 | |
| Basic commands | 138 | |
| Build / train | 103 | |
| ESC pressed | 1 | |
| Enter build submenu | 33 | |
| Enter hero's abilities submenu | 5 | |
| Give item / drop item | 1 | |
| Right click | 766 | |
| Select / deselect | 260 | |
| Select group hotkey | 345 | |
| Use ability | 170 | |
1998 total
» units
| Wisp | 37 | |
| Archer | 2 | |
| Goblin Zeppelin | 3 | |
| Chimaera | 10 | |
| Hippogryph | 20 | |
72 total
» upgrades
| Strength of the Wild | 3 | |
| Reinforced Hides | 4 | |
| Ultravision | 1 | |
| Improved Bows | 1 | |
| Nature's Blessing | 1 | |
| Well Spring | 1 | |
| Corrosive Breath | 1 | |
12 total
» buildings
| Ancient of War | 1 | |
| Moon Well | 12 | |
| Altar of Elders | 1 | |
| Hunter's Hall | 1 | |
| Ancient of Wonders | 1 | |
| Tree of Ages | 1 | |
| Tree of Life | 4 | |
| Tree of Eternity | 1 | |
| Ancient of Wind | 4 | |
| Chimaera Roost | 3 | |
| Ancient Protector | 11 | |
40 total
» build order
00:32 Ancient of War
00:36 Moon Well
01:01 Altar of Elders
01:59 Moon Well
03:04 Hunter's Hall
03:20 Moon Well
03:32 Moon Well
03:46 Ancient of Wonders
04:04 Tree of Ages
05:00 Tree of Life
06:35 Tree of Eternity
06:38 Ancient of Wind
09:02 Chimaera Roost
09:03 Chimaera Roost
09:25 Chimaera Roost
11:47 Ancient Protector
11:48 Ancient Protector
11:48 Ancient Protector
11:49 Ancient Protector
11:51 Ancient Protector
12:59 Ancient Protector
13:00 Ancient Protector
13:02 Ancient Protector
13:41 Moon Well
13:42 Moon Well
13:44 Moon Well
14:00 Ancient Protector
14:03 Ancient Protector
14:06 Ancient Protector
16:50 Ancient of Wind
16:52 Ancient of Wind
16:52 Ancient of Wind
19:16 Moon Well
19:17 Moon Well
19:18 Moon Well
19:19 Moon Well
19:20 Moon Well
20:43 Tree of Life
27:03 Tree of Life
33:51 Tree of Life
» items
| Boots of Speed | 1 | |
| Staff of Teleportation | 1 | |
| Potion of Lesser Invulnerability | 1 | |
| Orb of Venom | 1 | |
| Potion of Healing | 2 | |
| Potion of Mana | 2 | |
| Lesser Clarity Potion | 1 | |
| Scroll of Regeneration | 1 | |
10 total
killabee (
orange | 35 APM | 1196 actions | 33:58)
5 Mountain King
3 Storm Bolt
2 Bash
3 Paladin
1 Holy Light
2 Divine Shield
» actions
| Basic commands | 25 | |
| Build / train | 113 | |
| Enter build submenu | 65 | |
| Enter hero's abilities submenu | 8 | |
| Right click | 345 | |
| Select / deselect | 503 | |
| Use ability | 137 | |
1196 total
» units
| Peasant | 30 | |
| Footman | 2 | |
| Priest | 4 | |
| Knight | 17 | |
| Goblin Zeppelin | 2 | |
| Makrura Deepseer | 1 | |
| Mur'gul Snarecaster | 1 | |
| Makrura Snapper | 1 | |
| Giant Sea Turtle | 1 | |
| Goblin Shredder | 5 | |
64 total
» upgrades
| Lumber Harvesting | 2 | |
| Swords | 3 | |
| Masonry | 3 | |
| Plating | 3 | |
| Animal War Training | 1 | |
12 total
» buildings
| Altar of Kings | 2 | |
| Farm | 13 | |
| Barracks | 2 | |
| Keep | 2 | |
| Town Hall | 6 | |
| Castle | 2 | |
| Arcane Sanctum | 1 | |
| Lumber Mill | 2 | |
| Scout Tower | 33 | |
| Blacksmith | 1 | |
| Guard Tower | 20 | |
| Arcane Vault | 2 | |
| Arcane Tower | 2 | |
88 total
» build order
00:09 Altar of Kings
00:12 Farm
00:50 Farm
01:18 Barracks
01:30 Farm
02:38 Keep
04:05 Town Hall
04:26 Farm
05:16 Farm
05:38 Castle
06:34 Arcane Sanctum
06:42 Farm
06:47 Farm
07:02 Lumber Mill
07:26 Scout Tower
07:34 Blacksmith
07:57 Scout Tower
08:00 Guard Tower
08:33 Guard Tower
08:36 Scout Tower
08:42 Scout Tower
08:49 Scout Tower
09:19 Guard Tower
09:27 Guard Tower
10:08 Scout Tower
10:21 Scout Tower
10:25 Scout Tower
10:42 Arcane Vault
10:51 Guard Tower
10:54 Farm
11:27 Scout Tower
11:40 Guard Tower
11:42 Scout Tower
12:07 Guard Tower
12:14 Scout Tower
12:16 Guard Tower
12:19 Scout Tower
12:22 Scout Tower
12:32 Keep
12:50 Scout Tower
12:54 Scout Tower
12:58 Scout Tower
13:07 Town Hall
13:12 Town Hall
13:17 Scout Tower
13:37 Guard Tower
13:47 Scout Tower
13:49 Guard Tower
13:52 Guard Tower
14:47 Guard Tower
14:50 Farm
15:00 Barracks
15:05 Guard Tower
15:10 Arcane Vault
15:15 Scout Tower
15:18 Scout Tower
16:07 Guard Tower
16:25 Altar of Kings
16:30 Guard Tower
17:10 Scout Tower
17:22 Town Hall
18:15 Farm
18:22 Castle
18:39 Guard Tower
19:20 Scout Tower
21:08 Town Hall
21:22 Scout Tower
21:23 Guard Tower
22:42 Scout Tower
22:44 Guard Tower
23:49 Guard Tower
23:53 Scout Tower
23:55 Scout Tower
26:21 Scout Tower
26:24 Farm
27:26 Guard Tower
28:37 Town Hall
28:41 Scout Tower
30:14 Scout Tower
30:17 Scout Tower
30:20 Scout Tower
30:26 Scout Tower
30:31 Scout Tower
30:51 Farm
30:55 Arcane Tower
30:59 Farm
31:32 Arcane Tower
31:38 Lumber Mill
» items
team 2 (loser)
Tower. (
red | 85 APM | 2926 actions | 34:35)
6 Mountain King
3 Storm Bolt
2 Thunder Clap
1 Avatar
6 Paladin
3 Holy Light
2 Divine Shield
1 Resurrection
2 Dark Ranger
1 Silence
1 Black Arrow
» actions
| Assign group hotkey | 25 | |
| Build / train | 120 | |
| ESC pressed | 1 | |
| Enter build submenu | 35 | |
| Enter hero's abilities submenu | 15 | |
| Give item / drop item | 7 | |
| Right click | 1457 | |
| Select / deselect | 500 | |
| Select group hotkey | 626 | |
| Use ability | 140 | |
2926 total
» units
| Peasant | 22 | |
| Goblin Shredder | 1 | |
| Gryphon Rider | 6 | |
| Dragonhawk Rider | 13 | |
42 total
» upgrades
| Swords | 3 | |
| Armor | 3 | |
| Lumber Harvesting | 1 | |
| Masonry | 3 | |
| Storm Hammers | 1 | |
| Cloud | 1 | |
12 total
» buildings
| Lumber Mill | 1 | |
| Altar of Kings | 1 | |
| Farm | 14 | |
| Scout Tower | 11 | |
| Arcane Tower | 3 | |
| Town Hall | 1 | |
| Arcane Vault | 1 | |
| Guard Tower | 4 | |
| Keep | 1 | |
| Blacksmith | 1 | |
| Castle | 1 | |
| Gryphon Aviary | 4 | |
| Barracks | 1 | |
44 total
» build order
00:11 Lumber Mill
00:21 Altar of Kings
00:26 Farm
01:05 Farm
01:30 Scout Tower
02:00 Arcane Tower
02:05 Farm
03:13 Farm
03:55 Scout Tower
04:02 Town Hall
04:06 Scout Tower
04:07 Scout Tower
04:15 Arcane Tower
04:28 Arcane Tower
04:58 Arcane Vault
05:39 Guard Tower
05:46 Keep
06:05 Scout Tower
06:06 Scout Tower
06:21 Blacksmith
06:22 Farm
06:23 Farm
06:37 Guard Tower
06:38 Guard Tower
06:51 Farm
07:11 Farm
07:51 Scout Tower
07:54 Scout Tower
07:55 Scout Tower
07:57 Scout Tower
08:00 Scout Tower
08:08 Castle
08:13 Gryphon Aviary
08:18 Gryphon Aviary
08:20 Gryphon Aviary
08:32 Gryphon Aviary
08:58 Farm
09:01 Farm
10:38 Farm
11:00 Farm
12:44 Farm
13:32 Farm
13:46 Guard Tower
17:47 Barracks
» items
| Healing Salve | 1 | |
| Potion of Healing | 4 | |
| Lesser Clarity Potion | 3 | |
| Scroll of Town Portal | 4 | |
| Potion of Mana | 1 | |
| Orb of Fire | 2 | |
| Scroll of Regeneration | 4 | |
| Staff of Sanctuary | 2 | |
| Scroll of Healing | 1 | |
22 total
Dorian12 (
purple | 47 APM | 1612 actions | 34:35)
6 Archmage
3 Summon Water Elemental
2 Brilliance Aura
1 Mass Teleport
5 Paladin
3 Holy Light
2 Divine Shield
5 Mountain King
3 Storm Bolt
1 Bash
1 Thunder Clap
» actions
| Assign group hotkey | 30 | |
| Basic commands | 182 | |
| Build / train | 99 | |
| Enter build submenu | 27 | |
| Enter hero's abilities submenu | 16 | |
| Give item / drop item | 5 | |
| Right click | 288 | |
| Select / deselect | 312 | |
| Select group hotkey | 512 | |
| Use ability | 141 | |
1612 total
» units
| Peasant | 13 | |
| Rifleman | 7 | |
| Siege Engine | 9 | |
| Mortar Team | 4 | |
| Flying Machine | 1 | |
34 total
» upgrades
| Gunpowder | 3 | |
| Armor | 4 | |
| Long Rifles | 1 | |
| Lumber Harvesting | 2 | |
| Masonry | 3 | |
| Barrage | 1 | |
| Fragmentation Shards | 1 | |
| Flare | 1 | |
| Flak Cannons | 1 | |
| Flying Machine Bombs | 1 | |
18 total
» buildings
| Lumber Mill | 3 | |
| Scout Tower | 2 | |
| Farm | 13 | |
| Altar of Kings | 1 | |
| Barracks | 3 | |
| Arcane Tower | 1 | |
| Blacksmith | 1 | |
| Arcane Vault | 1 | |
| Town Hall | 2 | |
| Keep | 2 | |
| Castle | 1 | |
| Guard Tower | 1 | |
| Workshop | 4 | |
35 total
» build order
01:57 Lumber Mill
01:59 Scout Tower
02:02 Farm
02:07 Altar of Kings
02:11 Barracks
02:29 Arcane Tower
02:32 Blacksmith
02:38 Farm
03:24 Farm
03:25 Farm
03:26 Arcane Vault
06:57 Farm
07:49 Town Hall
08:23 Keep
08:23 Keep
08:38 Farm
08:38 Farm
08:44 Lumber Mill
09:52 Scout Tower
10:48 Castle
11:32 Guard Tower
11:39 Workshop
11:44 Workshop
12:07 Farm
12:08 Farm
12:08 Farm
12:09 Farm
12:10 Farm
14:20 Barracks
14:23 Barracks
15:33 Lumber Mill
19:35 Farm
22:39 Workshop
22:44 Workshop
34:34 Town Hall
» items
| Scroll of Town Portal | 3 | |
| Scroll of Regeneration | 2 | |
| Potion of Lesser Invulnerability | 2 | |
| Boots of Speed | 2 | |
| Scroll of Speed | 2 | |
| Potion of Healing | 1 | |
| Orb of Lightning | 2 | |
| Scroll of Protection | 1 | |
| Scroll of Healing | 1 | |
16 total

»
john23957 (
blue | 98 APM | 3379 actions | 34:35)
8 Archmage
3 Summon Water Elemental
2 Brilliance Aura
2 Blizzard
1 Mass Teleport
» actions
| Assign group hotkey | 122 | |
| Basic commands | 162 | |
| Build / train | 233 | |
| ESC pressed | 2 | |
| Enter build submenu | 63 | |
| Enter hero's abilities submenu | 10 | |
| Give item / drop item | 6 | |
| Right click | 1250 | |
| Select / deselect | 736 | |
| Select group hotkey | 514 | |
| Use ability | 281 | |
3379 total
» units
| Peasant | 44 | |
| Footman | 15 | |
| Goblin Shredder | 7 | |
| Goblin Zeppelin | 5 | |
| Sorceress | 1 | |
| Flying Machine | 5 | |
| Siege Engine | 14 | |
| Mortar Team | 1 | |
92 total
» upgrades
| Masonry | 3 | |
| Gunpowder | 3 | |
| Lumber Harvesting | 2 | |
| Magic Sentry | 1 | |
| Sorceress Training | 1 | |
| Plating | 3 | |
| Flak Cannons | 1 | |
| Fragmentation Shards | 1 | |
| Flare | 1 | |
| Barrage | 1 | |
| Armor | 1 | |
18 total
» buildings
| Altar of Kings | 1 | |
| Farm | 9 | |
| Barracks | 1 | |
| Town Hall | 6 | |
| Scout Tower | 127 | |
| Arcane Tower | 3 | |
| Lumber Mill | 2 | |
| Guard Tower | 69 | |
| Keep | 2 | |
| Blacksmith | 1 | |
| Arcane Sanctum | 1 | |
| Castle | 3 | |
| Workshop | 7 | |
| Arcane Vault | 1 | |
233 total
» build order
00:10 Altar of Kings
00:18 Farm
00:23 Barracks
00:47 Farm
01:28 Farm
03:13 Town Hall
03:18 Scout Tower
03:39 Arcane Tower
04:32 Scout Tower
05:08 Arcane Tower
05:09 Lumber Mill
05:23 Farm
05:39 Scout Tower
05:40 Scout Tower
05:40 Scout Tower
06:18 Guard Tower
06:18 Guard Tower
06:20 Scout Tower
06:42 Scout Tower
06:42 Scout Tower
06:43 Scout Tower
06:44 Scout Tower
06:45 Scout Tower
06:46 Scout Tower
06:46 Scout Tower
06:47 Scout Tower
06:49 Scout Tower
06:50 Scout Tower
06:53 Scout Tower
06:54 Scout Tower
06:54 Scout Tower
06:55 Scout Tower
06:56 Scout Tower
06:57 Scout Tower
06:59 Scout Tower
07:00 Scout Tower
07:05 Guard Tower
07:08 Scout Tower
07:09 Scout Tower
07:09 Scout Tower
07:11 Scout Tower
07:12 Scout Tower
07:13 Scout Tower
07:17 Scout Tower
07:18 Scout Tower
07:19 Scout Tower
07:22 Keep
07:22 Keep
07:25 Guard Tower
07:25 Guard Tower
07:40 Blacksmith
07:45 Guard Tower
07:46 Guard Tower
07:46 Guard Tower
08:03 Guard Tower
08:06 Lumber Mill
08:14 Guard Tower
08:18 Scout Tower
08:19 Scout Tower
08:20 Scout Tower
08:21 Scout Tower
08:39 Guard Tower
08:41 Scout Tower
08:42 Scout Tower
08:43 Scout Tower
08:44 Scout Tower
08:45 Scout Tower
08:59 Guard Tower
08:59 Guard Tower
09:30 Guard Tower
09:43 Arcane Sanctum
09:53 Guard Tower
10:04 Town Hall
10:16 Scout Tower
10:16 Scout Tower
10:17 Scout Tower
10:18 Scout Tower
10:48 Scout Tower
10:49 Scout Tower
10:51 Scout Tower
10:52 Scout Tower
11:04 Guard Tower
11:04 Guard Tower
11:11 Scout Tower
11:13 Scout Tower
11:14 Scout Tower
11:14 Scout Tower
11:33 Guard Tower
11:40 Castle
11:40 Castle
11:49 Guard Tower
11:53 Scout Tower
12:00 Guard Tower
12:14 Workshop
12:16 Workshop
12:17 Workshop
12:23 Guard Tower
12:34 Town Hall
12:40 Scout Tower
12:40 Scout Tower
12:41 Scout Tower
12:41 Scout Tower
12:51 Scout Tower
12:52 Scout Tower
12:52 Scout Tower
12:53 Scout Tower
12:54 Scout Tower
12:54 Scout Tower
12:55 Scout Tower
12:56 Scout Tower
12:57 Scout Tower
12:58 Scout Tower
12:58 Scout Tower
13:05 Guard Tower
13:05 Guard Tower
13:07 Scout Tower
13:07 Scout Tower
13:10 Scout Tower
13:12 Arcane Vault
13:14 Guard Tower
13:15 Guard Tower
13:15 Guard Tower
13:15 Guard Tower
13:17 Scout Tower
13:18 Scout Tower
13:18 Scout Tower
13:19 Scout Tower
13:20 Scout Tower
13:22 Scout Tower
13:23 Scout Tower
13:23 Scout Tower
13:24 Scout Tower
13:24 Scout Tower
13:25 Scout Tower
13:26 Scout Tower
13:55 Guard Tower
13:55 Guard Tower
14:08 Guard Tower
14:40 Guard Tower
14:40 Guard Tower
14:43 Scout Tower
14:45 Scout Tower
14:46 Scout Tower
14:51 Guard Tower
14:51 Guard Tower
15:22 Scout Tower
15:23 Scout Tower
15:24 Scout Tower
15:25 Scout Tower
15:27 Guard Tower
15:29 Guard Tower
15:34 Workshop
15:35 Workshop
15:37 Workshop
15:39 Workshop
16:22 Guard Tower
16:23 Guard Tower
16:25 Scout Tower
16:25 Scout Tower
16:25 Scout Tower
16:26 Scout Tower
16:26 Scout Tower
16:27 Scout Tower
16:28 Scout Tower
16:32 Guard Tower
16:32 Guard Tower
16:32 Guard Tower
17:00 Guard Tower
17:01 Guard Tower
18:04 Farm
18:06 Farm
18:12 Scout Tower
18:12 Scout Tower
18:14 Scout Tower
18:15 Scout Tower
19:22 Guard Tower
19:30 Guard Tower
19:30 Guard Tower
20:30 Guard Tower
22:22 Farm
22:22 Farm
23:16 Farm
27:07 Scout Tower
27:07 Scout Tower
27:08 Scout Tower
27:08 Scout Tower
27:45 Guard Tower
27:46 Scout Tower
27:47 Scout Tower
27:47 Scout Tower
27:48 Scout Tower
28:04 Scout Tower
28:27 Guard Tower
28:29 Scout Tower
28:30 Scout Tower
28:31 Scout Tower
28:31 Scout Tower
28:32 Scout Tower
28:32 Scout Tower
28:33 Scout Tower
28:33 Scout Tower
28:35 Guard Tower
28:35 Guard Tower
29:28 Guard Tower
29:28 Guard Tower
29:39 Guard Tower
29:43 Town Hall
30:48 Town Hall
30:50 Scout Tower
30:51 Scout Tower
30:51 Scout Tower
30:52 Scout Tower
31:44 Arcane Tower
33:17 Town Hall
33:19 Scout Tower
» items
| Scroll of Town Portal | 3 | |
| Tome of Retraining | 2 | |
| Potion of Invisibility | 5 | |
| Staff of Teleportation | 1 | |
| Potion of Lesser Invulnerability | 5 | |
| Scroll of Regeneration | 2 | |
| Lesser Clarity Potion | 1 | |
| Potion of Healing | 2 | |
| Boots of Speed | 1 | |
22 total
Rebuh (
yellow | 46 APM | 1599 actions | 34:35)
5 Blademaster
3 Wind Walk
2 Critical Strike
» actions
| Assign group hotkey | 4 | |
| Build / train | 67 | |
| Enter build submenu | 16 | |
| Enter hero's abilities submenu | 5 | |
| Right click | 890 | |
| Select / deselect | 472 | |
| Select group hotkey | 61 | |
| Use ability | 84 | |
1599 total
» units
| Peon | 17 | |
| Troll Batrider | 18 | |
| Raider | 6 | |
41 total
» upgrades
| Armor | 3 | |
| Ranged Weapons | 3 | |
| Liquid Fire | 1 | |
| Melee Weapons | 3 | |
| Spiked Barricades | 2 | |
| Reinforced Defenses | 1 | |
| Ensnare | 1 | |
| Envenomed Spears | 1 | |
15 total
» buildings
| Altar of Storms | 1 | |
| Orc Burrow | 8 | |
| Voodoo Lounge | 1 | |
| War Mill | 1 | |
| Stronghold | 1 | |
| Fortress | 1 | |
| Beastiary | 5 | |
| Great Hall | 1 | |
19 total
» build order
00:21 Altar of Storms
00:25 Orc Burrow
01:57 Voodoo Lounge
02:23 War Mill
02:39 Stronghold
03:09 Orc Burrow
04:18 Orc Burrow
05:01 Fortress
05:06 Beastiary
05:09 Beastiary
05:13 Beastiary
05:32 Orc Burrow
07:17 Great Hall
08:07 Orc Burrow
15:58 Beastiary
17:50 Beastiary
20:05 Orc Burrow
20:07 Orc Burrow
20:07 Orc Burrow
» items
| Orb of Lightning | 1 | |
| Potion of Healing | 1 | |
| Potion of Mana | 1 | |
3 total
Chat log
(00:28 / All) Teelo: HOW DO I SAVE MY CHARACTER SO I DONT HAVE TO LEVEL IT UP AGAIN NEXT GAME?????????????????????
(00:35 / All) Tower.: suck a dick
(00:37 / All) Tower.: fucking virgin
(00:43 / All) Rebuh: hit
(00:46 / All) Rebuh: f10
(00:47 / All) Rebuh: e
(00:48 / All) Rebuh: q
(00:53 / All) Teelo: SORRY I ALREADY SUCKED YOUR MOMS PUSSY LAST NITE LAWL
(00:59 / All) Tower.: my mother is dead.
(01:01 / All) Tower.: sorry
(01:05 / All) Teelo: YOU SICK FUCK
(01:15 / All) Tower.: she die when she watch ur tiny dick
(01:17 / All) Tower.: LOl
(01:34 / All) Teelo: SORRY UNABLE TO READ YOUR CHAT MESSAGE BECAUSE IT CONTAINS TOO MUCH RETARD
(01:44 / All) Tower.: fuck you,virgin.
(01:55 / All) Teelo: IS THAT YOUR ONLY INSULT? OH OUCH BURRRRRRRRRRRRRN
(02:09 / All) Tower.: fuck you,nerdgin.
(02:26 / All) Teelo: SORRY TALK TO ME AGAIN AFTER YOU HIT PUBERTY
(02:35 / All) Tower.: fuck you weak virgin acne nerd.
(04:16 / All) Teelo: OMG WTF WHY DO I HAVE NON-SHIT ALLIES IN RANDOM TEAM
(04:19 / All) Teelo: WTF IS GOING ON HERE
(04:25 / All) Tower.: stfu motherfucker.
(04:28 / All) Teelo: MAKE ME
(04:59 / Allies) TheAnimalCub: where creep now
(05:08 / Allies) Teelo: go through mid though
(05:09 / Allies) Teelo: from here
(05:15 / Allies) Teelo: oj green come
(06:06 / Allies) Teelo: WTF HOW DARE YOU BE A NON SHIT ALLY IN RANDOM TEAM AND ACTUALLY HEAL MY HERO
(06:07 / All) Teelo: WTF
(06:12 / All) Tower.: stfu
(06:14 / All) Tower.: fucken gook
(06:24 / All) Teelo: WTF IS A "gook"??????????????????
(06:55 / Allies) TheAnimalCub: lumber?
(06:56 / Allies) TheAnimalCub: i got gold
(07:12 / Allies) Teelo: can one of you make a few towers around my expo please
(07:24 / Allies) TheAnimalCub: no
(07:34 / Allies) Teelo: ok fine dont
(08:53 / Allies) TheAnimalCub: all of us
(09:06 / Allies) TheAnimalCub: lumber again?
(09:11 / Allies) gomperzz: got none
(09:14 / Allies) Teelo: get a shredder dude
(09:15 / Allies) TheAnimalCub: jk
(09:16 / Allies) TheAnimalCub: k
(09:57 / All) Tower.: LOL
(09:59 / All) Tower.: bye enrds
(10:00 / All) Tower.: nerd
(10:10 / Allies) gomperzz: where we creeping
(10:18 / Allies) Teelo: Im creeping the islands now
(10:59 / Allies) gomperzz: lets go mid
(11:15 / Allies) Teelo: blue is creeping our islands
(11:24 / Allies) killabee: tp
(11:37 / Allies) gomperzz: does any1 have aa?
(12:00 / Allies) Teelo: ok
(12:04 / Allies) Teelo: this is where all of you spam towers everywhere
(12:05 / Allies) Teelo: like
(12:06 / Allies) Teelo: NOW
(12:28 / All) Tower.: nice teal
(12:30 / All) Tower.: LOL
(12:37 / All) Tower.: fucking virgin elf
(12:40 / All) Dorian12: GG
(12:45 / All) Dorian12: SHIT SO CLOSE :P
(12:47 / Allies) gomperzz: ty
(13:18 / Allies) TheAnimalCub: ?
(13:56 / Allies) Teelo: get zep go around the towers
(14:25 / All) Tower.: lol
(14:26 / Allies) TheAnimalCub: care
(14:33 / Allies) Teelo: dont attack the tpower line
(14:36 / Allies) Teelo: just go around it with a zep
(15:05 / All) Tower.: haha virgins
(15:18 / All) Tower.: "thevirgincub"
(15:21 / All) Tower.: LOL
(15:37 / All) TheAnimalCub: i rape virgins.
(15:58 / All) TheAnimalCub: silence,.
(16:26 / All) Tower.: lol
(16:41 / All) Tower.: HAHAHA
(16:47 / All) Tower.: HAHA
(16:48 / All) Teelo: LOL DRPOHACK
(16:56 / All) Tower.: LOL?
(16:59 / All) Tower.: FUCKING VIRGINS
(16:59 / All) Dorian12: Drop his ass
(17:00 / All) Tower.: GOT FUCKED
(17:01 / All) Tower.: HAHA
(17:33 / All) Tower.: lol
(17:34 / All) Tower.: lol
(17:36 / All) Tower.: imfao
(17:36 / All) Tower.: lol
(17:55 / All) Tower.: fucking virgins
(18:02 / All) TheAnimalCub: suck my dick?
(18:05 / Allies) killabee: wood anyone?
(18:09 / All) Tower.: with a microscope?
(18:14 / All) Tower.: LOL THE VIRGIN CUB
(18:16 / All) Tower.: LOL
(18:17 / Allies) killabee: ty
(18:34 / All) Tower.: GG NERD
(19:01 / Allies) TheAnimalCub: meet
(19:01 / All) Tower.: NICE EXPO NERD
(19:10 / All) Tower.: GG NERDS
(19:34 / All) Tower.: GG NERDS
(20:07 / Allies) killabee: glad i didnt upgrade there
(20:38 / All) Tower.: WHERES UR BASES NERDS
(20:41 / All) Tower.: LOL
(20:46 / Allies) TheAnimalCub: lets attack
(20:47 / Allies) TheAnimalCub: ?
(20:51 / Allies) Teelo: AND STILL PINK DOESNT MAKE TOWERS
(20:53 / Allies) killabee: lets hit aND FAst
(20:55 / All) Tower.: MORE HIPPOS PLZ
(20:56 / All) Tower.: VIRGIN
(21:04 / Allies) TheAnimalCub: towers against that
(21:06 / Allies) TheAnimalCub: yo udumb shit
(21:12 / Allies) Teelo: YES TOWERS > BATS
(21:27 / All) Tower.: LOL TEAL
(21:28 / All) Dorian12: NICE
(21:28 / All) Tower.: OUCH
(21:29 / All) Tower.: ANAL
(21:44 / All) Dorian12: NO MAINS?
(21:46 / All) Dorian12: OUCH
(21:50 / All) Tower.: NO MAIN VIRGINS
(22:16 / Allies) killabee: lets hit please
(22:25 / Allies) TheAnimalCub: got cloud
(22:29 / Allies) TheAnimalCub: lets go
(22:38 / Allies) gomperzz: coming
(22:45 / Allies) TheAnimalCub: green come
(23:25 / Allies) Teelo: CLOUD
(24:47 / All) Tower.: LOL
(24:58 / All) Dorian12: precious
(25:13 / All) Dorian12: Dont get caught in the bottleneck
(25:22 / All) Dorian12: its a doozy
(25:22 / All) Tower.: GG VIRGINS
(25:59 / All) Tower.: LOL
(26:01 / All) gomperzz: Brb gata do taxes
(27:22 / All) Tower.: SUCK MY HAMMER BITCH
(27:37 / All) TheAnimalCub: lol
(28:22 / All) Tower.: LOL
(28:22 / Allies) TheAnimalCub: \
(28:24 / Allies) TheAnimalCub: green come here
(28:31 / All) Tower.: TEAL U QUIET NOW
(28:42 / All) Teelo: CLAN TOWA BITCHES
(28:47 / All) Tower.: UR A VIRGIN
(29:18 / All) TheAnimalCub: gtfo
(29:59 / All) Tower.: lol
(30:01 / All) Tower.: lol teal
(30:12 / All) Dorian12: SAD
(31:18 / All) Tower.: lol
(31:54 / All) Tower.: lo
(33:06 / All) Tower.: lol
(33:11 / All) Teelo: 404: LOL NOT FOUND
(33:21 / All) Tower.: fuck you nerd
(33:59 / All) Tower.: teal
(34:05 / All) Tower.: virgins have to bite the dust.
(34:11 / All) Teelo: CLAN TOWA BITCHES
(34:24 / All) Dorian12: HAHA